 Dungeon Crawl Stone Soup version 0.25.1-2-g60ff931df9 (webtiles) character file.

Game seed: 6363926124460431335

288 Johnny the Digger (level 5, -2/34 HPs)
             Began as a Demigod Earth Elementalist on Oct 27, 2020.
             Slain by a worm (9 damage)
             ... on level 3 of the Dungeon.
             The game lasted 00:02:51 (4280 turns).

Johnny the Digger (Demigod Earth Elementalist)      Turns: 4280, Time: 00:02:52

Health: -2/34      AC:  3    Str: 11    XL:     5   Next: 81%
Magic:  12/13      EV: 12    Int: 21    God:
Gold:   167        SH:  0    Dex: 16    Spells: 6/10 levels left

rFire    . . .     SeeInvis .   h - +0 dagger
rCold    . . .     Gourm    .   (no shield)
rNeg     . . .     Faith    .   c - +0 robe
rPois    .         Spirit   .   (helmet restricted)
rElec    .         Reflect  .   (no cloak)
rCorr    +         Harm     .   (no gloves)
MR       .....                  s - +0 pair of boots
Stlth    +.........             (no amulet)
HPRegen  0.11/turn              a - ring of resist corrosion
MPRegen  0.13/turn              (no ring)

@: lethally poisoned (-2 -> -12), very slightly contaminated, hasted, invisible
(expiring), quick
A: beak, talons 1, frail 1, high mp 1
a: no special abilities


You were on level 3 of the Dungeon.
You were not hungry.

You visited 1 branch of the dungeon, and saw 3 of its levels.

You collected 167 gold pieces.

Inventory:

Hand Weapons
 h - a +0 dagger (weapon)
Armour
 c - a +0 robe (worn)
 s - a +0 pair of boots (worn)
Jewellery
 a - a ring of resist corrosion (left hand)
 r - an uncursed ring of ice {unknown}
Scrolls
 f - a scroll of random uselessness {unknown}
 i - a scroll of enchant armour {unknown}
 k - a scroll of fog {unknown}
 m - a scroll of immolation {unknown}
 n - 2 scrolls of identify {unknown}
 q - 2 scrolls of teleportation {unknown}
Potions
 e - 2 potions of flight
 o - a potion of heal wounds
Comestibles
 d - 8 rations


   Skills:
 - Level 1.7 Dodging
 - Level 1.7 Stealth
 + Level 3.3 Spellcasting
   Level 0.8 Transmutations
 * Level 5.3 Earth Magic


You had 6 spell levels left.
You knew the following spells:

 Your Spells              Type           Power        Failure   Level  Hunger
a - Sandblast             Erth           ####..       1%          1    None
b - Stone Arrow           Conj/Erth      ##....       13%         3    ###....

Your spell library contained the following spells:

 Spells                   Type           Power        Failure   Level  Hunger
 Passwall                 Tmut/Erth      ###.....     5%          2    ##.....
 Petrify                  Tmut/Erth      ###.....     34%         4    ####...
 Lee's Rapid Deconstruct  Erth           ####......   36%         5    ######.


Dungeon Overview and Level Annotations

Branches:
Dungeon (3/15)


Innate Abilities, Weirdness & Mutations

You have an increased reservoir of magic. (+10% MP)
You have a beak for a mouth.
You have sharp toenails.
You are frail. (-10% HP)


Message History

You feel sick. The adder bites you.
Casting: Stone Arrow (quite dangerous; 13% risk of failure)
Confirm with . or Enter, or press ? or * to list all spells.
The spell is quite dangerous to cast (13% risk of failure)!
Continue anyway? [Y]es or [N]o only, please.
The spell is quite dangerous to cast (13% risk of failure)!
Continue anyway? [Y]es or [N]o only, please.
The spell is quite dangerous to cast (13% risk of failure)!
Continue anyway? [Y]es or [N]o only, please.
The spell is quite dangerous to cast (13% risk of failure)!
Continue anyway?
Okay, then.
* * * LOW HITPOINT WARNING * * *
You feel sick. The worm misses you. The adder bites you.
* * * LOW HITPOINT WARNING * * *
You see here a rat corpse.
You hit the worm. You peck the worm, but do no damage.
The worm is lightly wounded.
* * * LOW HITPOINT WARNING * * *
You feel sick. The adder barely misses you. The worm bites you!
You die...

### ###≈# ≈# #≈rw# ≈#
#@##≈ #S#≈≈ # #S#r##≈#
#≈#≈≈≈ ###### #≈#†####
#..... #≈r††ww#
##.[... .#########≈#
###......
..≈≈≈≈≈w≈≈≈###........
#≈≈#≈#≈#####...#.÷..<


You could see a worm, 2 adders and 2 rats.

Vanquished Creatures
  Sigmund (D:3)
  An orc priest (D:2)
  3 gnolls (D:2)
  An ooze (D:1)
  3 worms (D:2)
  4 dart slugs
  2 leopard geckos
  4 orcs
  A ball python (D:1)
  5 giant cockroaches
  4 hobgoblins (D:1)
  4 jackals (D:1)
  2 quokkas (D:2)
  4 bats (D:1)
  3 frilled lizards (D:2)
  4 goblins
  3 kobolds (D:2)
  A leopard gecko zombie (D:3)
  9 rats
59 creatures vanquished.

Notes
Turn   | Place    | Note
-------+----------+-------------------------------------------
     0 | D:1      | Johnny the Demigod Earth Elementalist began the quest for
                  | the Orb.
     0 | D:1      | Reached XP level 1. HP: 14/14 MP: 5/5
    18 | D:1      | Reached skill level 3 in Earth Magic
   201 | D:1      | Reached XP level 2. HP: 14/20 MP: 4/7
  1206 | D:1      | Reached XP level 3. HP: 16/26 MP: 9/9
  3260 | D:2      | Reached skill level 4 in Earth Magic
  3265 | D:2      | Reached XP level 4. HP: 23/33 MP: 4/10
  3761 | D:3      | Noticed Sigmund
  3767 | D:3      | Killed Sigmund
  3767 | D:3      | Reached skill level 5 in Earth Magic
  3767 | D:3      | Reached XP level 5. HP: 35/38 MP: 5/12
  4012 | D:2      | Learned a level 3 spell: Stone Arrow
  4247 | D:3      | Gained mutation: You are frail. (-10% HP) [potion of
                  | mutation]
  4247 | D:3      | Gained mutation: You have a beak for a mouth. [potion of
                  | mutation]
  4247 | D:3      | Gained mutation: You have sharp toenails. [potion of
                  | mutation]
  4280 | D:3      | Slain by a worm

Illustrated notes

Levels and vault maps discovered:
D:1:      eino_arrival_water_star, layout_basic
D:2:      layout_basic
D:3:      layout_rooms, minitemple, lightli_sewer_entry_pipes, uniq_sigmund

Skill      XL: |  1  2  3  4 |
---------------+-------------+-----
Earth Magic    | 3 4 5 |  5.3
Spellcasting   | 2 3 |  3.3
Dodging        | |  1.7
Stealth        | |  1.7
Transmutations | |  0.8

Action                   |  1- 3 |  4- 6 || total
-------------------------+-------+-------++-------
Melee: Unarmed           |    21 |       ||    21
       Dagger            |    86 |    46 ||   132
       Peck              |       |     2 ||     2
 Cast: Sandblast         |    39 |    17 ||    56
       Stone Arrow       |       |     2 ||     2
  Use: Potion            |       |     7 ||     7
 Stab: Sleeping          |     5 |       ||     5
  Eat: Chunk             |     7 |     4 ||    11
Armor: Robe              |    28 |    20 ||    48
Dodge: Dodged            |    77 |    66 ||   143
